 Dungeon Crawl Stone Soup version 0.28.0 (webtiles) character file.

Game seed: 4177059252702978042

30 Morbidden the Twirler (level 3, 21/27 HPs)
             Began as a Demonspawn Gladiator on Feb 8, 2022.
             Quit the game on level 1 of the Dungeon.
             The game lasted 00:00:50 (1340 turns).

Morbidden the Twirler (Demonspawn Gladiator)        Turns: 1340, Time: 00:00:51

Health: 21/27      AC:  4    Str: 14    XL:     3   Next: 5%
Magic:  3/3        EV: 12    Int: 11    God:
Gold:   66         SH:  4    Dex: 14    Spells: 2/2 levels left

rFire   . . .      SeeInvis .   a - +0 quarterstaff
rCold   . . .      Faith    .   (shield currently unavailable)
rNeg    . . .      Spirit   .   b - +0 leather armour
rPois   .          Reflect  .   c - +0 helmet
rElec   .          Harm     .   (no cloak)
rCorr   .          Rampage  .   (no gloves)
Will    .....                   (no boots)
Stlth   +.........              (no amulet)
HPRegen 0.09/turn               (no ring)
MPRegen 0.08/turn               (no ring)

@: no status effects
A: large bone plates 1, spiny 1
a: no special abilities


You were on level 1 of the Dungeon.
You visited 1 branch of the dungeon, and saw 1 of its levels.

You collected 66 gold pieces.

Inventory:

Hand Weapons
 a - a +0 quarterstaff (weapon)
Missiles
 d - 3 throwing nets (quivered)
Armour
 b - a +0 leather armour (worn)
 c - a +0 helmet (worn)
 k - a +0 chain mail
Magical Staves
 i - a staff of fire
Scrolls
 e - 2 scrolls of identify {unknown}
 f - a scroll of fog {unknown}
 g - 2 scrolls of enchant weapon {unknown}
 h - a scroll of brand weapon {unknown}
 j - a scroll of teleportation {unknown}
Potions
 l - a potion of magic {unknown}


   Skills:
 * Level 2.0 Fighting
 + Level 3.2 Staves
 + Level 1.8 Throwing
 * Level 0.4 Armour
 * Level 3.1 Dodging
 + Level 0.6 Stealth


You had 2 spell levels left.
You didn't know any spells.
Your spell library was empty.

Dungeon Overview and Level Annotations

Branches:
Dungeon (1/15)

Altars:


Innate Abilities, Weirdness & Mutations

You are partially covered in large bone plates. (SH +4)
You are partially covered in sharp spines.


Message History

You kill the rat!
You see here a rat corpse.
Key pressed, stopping explore.
No target in view!
A hobgoblin comes into view.
The hobgoblin shouts!
You see here a +0 mace.
A hobgoblin is nearby!
You completely miss the hobgoblin. The hobgoblin hits you.
A hobgoblin is nearby!
You hit the hobgoblin but do no damage. The hobgoblin barely misses you.
A hobgoblin is nearby!
You hit the hobgoblin.
The hobgoblin is moderately wounded.
The hobgoblin is struck by your spines. The hobgoblin hits you.
A hobgoblin is nearby!
You barely miss the hobgoblin.
The hobgoblin is almost dead.
The hobgoblin hits you but does no damage.
A hobgoblin is nearby!
You barely miss the hobgoblin.
The hobgoblin is almost dead.
The hobgoblin hits you.
You barely miss the hobgoblin.
The hobgoblin is almost dead.
The hobgoblin closely misses you.
A hobgoblin is nearby!
You completely miss the hobgoblin.
The hobgoblin is almost dead.
The hobgoblin completely misses you.
A hobgoblin is nearby!
You barely miss the hobgoblin.
The hobgoblin is almost dead.
The hobgoblin is struck by your spines.
You kill the hobgoblin!
Unknown command.
No target in view!
Unknown command.
No target in view!
Are you sure you want to abandon this character and quit the game? (Confirm with "yes".)

###############.#
#.#.#########. ...#
#.####.#...........
##.#
#....#.############
#.#
#..#.#.#...........
#.#
#..#.#.#.#########.
##.#
########..#.#.#.#
#. .#.#
..........#...#.#
#( .#.#
#########)###.#.#
#. .#.# #@#.....#
#. .#.#
#†#.#.###########.
.#.#
#.#.#.......†.....
.#†#
#.#.##############
.#.#
..#...............
.#.#########
##################
.#.........#
.#########.#
...........#


There were no monsters in sight!

Vanquished Creatures
  A dart slug (D:1)
  3 ball pythons (D:1)
  An endoplasm (D:1)
  2 giant cockroaches (D:1)
  A goblin (D:1)
  4 hobgoblins (D:1)
  4 kobolds (D:1)
  2 quokkas (D:1)
  2 bats (D:1)
  2 frilled lizards (D:1)
  3 rats (D:1)
25 creatures vanquished.

Notes
Turn   | Place    | Note
-------+----------+-------------------------------------------
     0 | D:1      | Morbidden the Demonspawn Gladiator began the quest for the
                  | Orb.
     0 | D:1      | Reached XP level 1. HP: 16/16 MP: 1/1
   451 | D:1      | Gained mutation: You are partially covered in large bone
                  | plates. (SH +4) [demonic ancestry]
   451 | D:1      | Reached XP level 2. HP: 22/22 MP: 2/2
  1151 | D:1      | Gained mutation: You are partially covered in sharp spines.
                  | [demonic ancestry]
  1151 | D:1      | Reached XP level 3. HP: 26/27 MP: 3/3
  1340 | D:1      | Quit the game

Illustrated notes

Levels and vault maps discovered:
D:1:      saegor_arrival_simple_e, layout_basic, minmay_pentomino_q4

Skill      XL: |  1  2 |
---------------+-------+-----
Staves         | 3 |  3.2
Dodging        | 3 |  3.1
Fighting       | |  2.0
Throwing       | |  1.8
Armour         | |  0.4
Stealth        | |  0.6

Action                   || total
-------------------------++-------
Melee: Quarterstaff      ||    63
 Stab: Sleeping          ||     2
Armor: Leather armour    ||    13
Dodge: Dodged            ||    35
Block: Other             ||    16
